[Event "Early-Titled-Tuesday-Blitz-July-09-2024"]
[Site "Chess.com"]
[Date "2024.07.09"]
[Round "2"]
[White "Ykow"]
[Black "rionelG"]
[Result "1-0"]
[WhiteElo "2743"]
[BlackElo "2410"]
[TimeControl "180+1"]
[EndTime "8:15:40 PDT"]
[Termination "Ykow won by checkmate"]

1. e4 c5 2. Nc3 d6 3. d4 cxd4 4. Qxd4 Nc6 5. Qd2 g6 6. b3 Bh6 7. f4 e5 8. Nb5 Bxf4 9. Qxd6 Qxd6 10. Nxd6+ Kf8 11. Ba3 Nge7 12. Bc4 Kg7 13. Nf3 Nd4 14. Nxd4 exd4 15. Nxf7 Nc6 16. Nxh8 Kxh8 17. O-O Be3+ 18.
Kh1 Bg4 19. h3 Bd7 20. Bd6 Rd8 21. Rf7 Bc8 22. Bc7 Re8 23. Raf1 Be6 24. Bxe6 Rxe6 25. Rd7 g5 26. Rf8# 1-0

[Event "Early-Titled-Tuesday-Blitz-July-09-2024"]
[Site "Chess.com"]
[Date "2024.07.09"]
[Round "2"]
[White "Oleksandr_Bortnyk"]
[Black "FoggyMorning"]
[Result "1-0"]
[WhiteElo "3076"]
[BlackElo "2670"]
[TimeControl "180+1"]
[EndTime "8:15:41 PDT"]
[Termination "Oleksandr_Bortnyk won by resignation"]

1. e4 e6 2. Nf3 d5 3. e5 c5 4. d4 Nc6 5. Bd3 cxd4 6. O-O Nge7 7.
Bf4 Nf5 8. h3 Be7 9. Bxf5 exf5 10.
Nxd4 Be6 11. Nc3 O-O 12. Nce2 Bc5 13. c3 Qe7 14. Qd2 h6 15. Nxc6 bxc6 16. Be3 Bxe3 17.
Qxe3 c5 18. Rfd1 Rfd8 19. Rd2 Rd7 20. Rad1 Rad8 21. b3 a5 22. Nf4 a4 23. bxa4 c4 24. a5 Qa3 25. Nh5 Kh8 26. Rd4 Qxa2 27. Rh4 Rg8 28.
Nf6 d4 29. Rxh6+ 1-0

[Event "Early-Titled-Tuesday-Blitz-July-09-2024"]
[Site "Chess.com"]
[Date "2024.07.09"]
[Round "2"]
[White "Shield12"]
[Black "wadsy27"]
[Result "1-0"]
[WhiteElo "2989"]
[BlackElo "2648"]
[TimeControl "180+1"]
[EndTime "8:15:42 PDT"]
[Termination "Shield12 won by resignation"]

1. b3 d5 2. Bb2 Nf6 3. g3 Bf5 4. Bg2 c6 5. d3 e6 6. Nd2 h6 7.
e4 Bh7 8. Qe2 Be7 9. Nh3 a5 10.
a3 O-O 11. O-O Na6 12. Rfe1 b5 13. Nf4 a4 14. b4 Rc8 15. exd5 cxd5 16. Nxe6 fxe6 17.
Qxe6+ Rf7 18. Qxa6 Rxc2 19. Bxf6 Rxf6 20. Qb7 Rxd2 21. Rxe7 Bxd3 22. Rxg7+ Kh8 23. Bxd5 Rfxf2 24. Rg8+ Qxg8 25. Bxg8 Kxg8 26. Re1 Bg6 27. Rf1 Rxh2 28. Rf6 Bc2 29. Qf7+ Kh8 30. Qe8+ Kg7 31. Qe7+ 1-0

[Event "Early-Titled-Tuesday-Blitz-July-09-2024"]
[Site "Chess.com"]
[Date "2024.07.09"]
[Round "2"]
[White "BardArtem"]
[Black "JosefineHeinemann"]
[Result "0-1"]
[WhiteElo "2817"]
[BlackElo "2503"]
[TimeControl "180+1"]
[EndTime "8:15:45 PDT"]
[Termination "JosefineHeinemann won by resignation"]

1. e4 e5 2. Nf3 Nc6 3. Nc3 Nf6 4. a4 d5 5. Bb5 dxe4 6. Nxe5 Bd7 7. Bxc6 Bxc6 8. Nxc6 bxc6 9. Qe2 Qd4 10. d3 Bb4 11. Bd2 O-O 12. dxe4 Nxe4 13. O-O-O Bxc3 14. Bxc3 Nxc3 15. bxc3 Qxa4 16. Qe3 Rfd8 17. Rxd8+ Rxd8 18. Kb2 Rb8+ 19. Kc1 Qa1+ 0-1

[Event "Early-Titled-Tuesday-Blitz-July-09-2024"]
[Site "Chess.com"]
[Date "2024.07.09"]
[Round "2"]
[White "MrMatesM"]
[Black "michaelskie11"]
[Result "1-0"]
[WhiteElo "2720"]
[BlackElo "2386"]
[TimeControl "180+1"]
[EndTime "8:15:46 PDT"]
[Termination "MrMatesM won by resignation"]

1. Nf3 b6 2. g3 Bb7 3. Bg2 g6 4. O-O Bg7 5. d3 e6 6. e4 Ne7 7.
Re1 c5 8. Nbd2 O-O 9. c3 d5 10. e5 Nbc6 11. Nf1 h6 12. h4 Qc7 13. Bf4 Rad8 14. N1h2 b5 15. Qd2 h5 16. g4 d4 17.
gxh5 dxc3 18. bxc3 gxh5 19. Bh6 Ng6 20. Rad1 Nce7 21.
Bxg7 Kxg7 22. Qg5 Rh8 23. Qf6+ Kg8 24. Ng5 Nf5 25. Nxe6 fxe6 26. Qxg6+ Ng7 27. Nf3 Rf8 28. Ng5 Bxg2 29. Kxg2 Rf5 30. d4 Rf4 31. dxc5 Rxh4 32. Rd8+ 1-0

[Event "Early-Titled-Tuesday-Blitz-July-09-2024"]
[Site "Chess.com"]
[Date "2024.07.09"]
[Round "2"]
[White "andy07670"]
[Black "Suleyman_Chess06"]
[Result "0-1"]
[WhiteElo "2397"]
[BlackElo "2733"]
[TimeControl "180+1"]
[EndTime "8:15:49 PDT"]
[Termination "Suleyman_Chess06 won on time"]

1. e4 e6 2. d4 d5 3. Nd2 Be7 4. e5 c5 5. c3 Nc6 6. Ngf3 Qb6 7. Nb3 cxd4 8. cxd4 a5 9. a4 Bd7 10. Be2 Nh6 11. Bxh6 gxh6 12. O-O O-O 13. Rc1 Kh8 14. Qd3 Rg8 15. Kh1 Nb4 16. Qe3 Bxa4 17. Nc5 Bb5 18. Bxb5 Qxb5 19. Qxh6 b6 20. Nb7 Qe2 21.
Rce1 Qxb2 22. Nd6 Rg7 23. Re3 a4 24. h4 a3 25. Ng5 Bxg5 26. hxg5 a2 27. Qf6 Kg8 28. Rf3 Rf8 0-1

[Event "Early-Titled-Tuesday-Blitz-July-09-2024"]
[Site "Chess.com"]
[Date "2024.07.09"]
[Round "2"]
[White "JaloliddinIlkhomi"]
[Black "pinelone"]
[Result "1-0"]
[WhiteElo "2723"]
[BlackElo "2407"]
[TimeControl "180+1"]
[EndTime "8:15:50 PDT"]
[Termination "JaloliddinIlkhomi won by resignation"]

1. Nf3 c5 2. c3 d5 3. d4 e6 4. Bf4 Nc6 5. e3 Bd6 6. Bg3 Nf6 7. Nbd2 O-O 8. Bd3 b6 9. Ne5 Bb7 10. f4 Ne7 11. Qb1 g6 12. O-O Nf5 13. Bf2 Be7 14. Rd1 Nd6 15. Bh4 Nfe4 16. Bxe7 Qxe7 17.
Nxe4 Nxe4 18. Bxe4 dxe4 19. dxc5 Rad8 20. c6 Ba8 21. Qxe4 f6 22. Nf3 Kf7 23. Nd4 Rd6 24. Rd3 Rfd8 25. Rad1 e5 26. fxe5 fxe5 27. Nf3 Rxd3 28.
Rxd3 Rxd3 29. Qxd3 e4 30. Qd5+ Kg7 31. Nd4 Kf6 32.
b4 a6 33. a4 b5 34. axb5 axb5 35. Qxb5 Qa7 36. Qa5 Qf7 37. Qxa8 Qa2 38. Qf8+ Kg5 39. Qf4+ 1-0

[Event "Early-Titled-Tuesday-Blitz-July-09-2024"]
[Site "Chess.com"]
[Date "2024.07.09"]
[Round "2"]
[White "Balla_Tamas"]
[Black "campochess"]
[Result "0-1"]
[WhiteElo "2463"]
[BlackElo "2260"]
[TimeControl "180+1"]
[EndTime "8:15:53 PDT"]
[Termination "campochess won by resignation"]

1. e4 c5 2. c3 Nf6 3. e5 Nd5 4. d4 cxd4 5. Nf3 d6 6. cxd4 Nc6 7. Bc4 e6 8. O-O Nb6 9. Bb5 Be7 10. Qe2 O-O 11.
Rd1 d5 12. Bxc6 bxc6 13. Be3 a5 14. Nbd2 Ba6 15. Qe1 a4 16. a3 Rb8 17. Rac1 Qd7 18. Bg5 h6 19. Bxe7 Qxe7 20. Nf1 Nc4 21. Ne3 Rxb2 22.
Nxc4 Bxc4 23. Rc3 Rfb8 24. h3 R8b3 25. Rdc1 Qxa3 26. Rxb3 Rxb3 27. Ra1 Qb4 28. Nd2 Rd3 29. Rd1 Bb5 30. Qe2 a3 31. Rb1 Qxd4 32. Nf3 Qa4 33. Qa2 Bc4 34. Qa1 a2 35. h4 axb1=Q+ 36. Qxb1 Rd1+ 0-1

[Event "Early-Titled-Tuesday-Blitz-July-09-2024"]
[Site "Chess.com"]
[Date "2024.07.09"]
[Round "2"]
[White "GMT4114"]
[Black "RCone"]
[Result "0-1"]
[WhiteElo "1934"]
[BlackElo "2424"]
[TimeControl "180+1"]
[EndTime "8:15:53 PDT"]
[Termination "RCone won by resignation"]

1. e4 d6 2. d4 Nf6 3. Nc3 g6 4. Bc4 c6 5. Qe2 d5 6. exd5 cxd5 7. Bd3 Nc6 8. Nf3 Bg4 9. Be3 e6 10. h3 Bxf3 11. Qxf3 Bg7 12. Ne2 O-O 13. c3 e5 14.
Qg3 exd4 15. Nxd4 Nxd4 16. Bxd4 Re8+ 17. Kd2 Ne4+ 18. Bxe4 Bxd4 19. Bd3 Be5 20. f4 Bg7 21. Rae1 Qb6 22. Kc2 d4 23. c4 Re3 24. Rxe3 dxe3 25. Rb1 Qd4 26. Qf3 Re8 27. Qe2 b5 28. g3 bxc4 29.
Bxc4 Rc8 30. b3 Qc3+ 31. Kd1 Rd8+ 0-1

[Event "Early-Titled-Tuesday-Blitz-July-09-2024"]
[Site "Chess.com"]
[Date "2024.07.09"]
[Round "2"]
[White "artin10862"]
[Black "deribas12345"]
[Result "1-0"]
[WhiteElo "2945"]
[BlackElo "2637"]
[TimeControl "180+1"]
[EndTime "8:15:54 PDT"]
[Termination "artin10862 won by resignation"]

1. e4 e6 2. d4 d5 3. Bd3 c5 4. exd5 exd5 5. Nf3 c4 6. Be2 Bd6 7. O-O Ne7 8. b3 cxb3 9. axb3 O-O 10. c4 Nbc6 11. h3 Bf5 12. Nc3 Re8 13. Bg5 f6 14.
Be3 Kh8 15. Qd2 Bb4 16. Qb2 Rc8 17. Rfd1 a6 18. Bf1 Bg6 19. Bf4 Bf7 20. c5 Nf5 21. Na4 Re4 22. Bh2 Ba5 23. Bd3 Bc7 24. Bxe4 dxe4 25. d5 Bxd5 26. Bxc7 Rxc7 27. Nb6 Nce7 28. Nd4 Nh4 29. Ne6 1-0

[Event "Early-Titled-Tuesday-Blitz-July-09-2024"]
[Site "Chess.com"]
[Date "2024.07.09"]
[Round "2"]
[White "Zarinur"]
[Black "David_Arutinian"]
[Result "0-1"]
[WhiteElo "2569"]
[BlackElo "2821"]
[TimeControl "180+1"]
[EndTime "8:15:54 PDT"]
[Termination "David_Arutinian won by resignation"]

1. e4 c6 2. d4 d5 3. e5 Bf5 4.
Nd2 e6 5. Nb3 Ne7 6. Nf3 h6 7.
Be2 Nd7 8. O-O g5 9. a4 Bg7 10. a5 Qc7 11. Ne1 c5 12. c3 c4 13. Nd2 O-O 14. f4 gxf4 15. Rxf4 f6 16. exf6 Nxf6 17.
Rf1 Ng6 18. Ndf3 Ne4 19. Be3 Nf4 20. Nc2 Nxe2+ 21. Qxe2 Bg4 22. Nce1 Rf7 23. Qc2 Raf8 24. Qc1 Kh7 25. Bf2 e5 26. dxe5 Bxe5 27. h3 Bh5 28. Be3 Bg7 29. Qb1 Bg6 30. Qd1 Qd6 31. Bd4 Ng3 32. Rf2 Be4 33. Bxg7 Rxg7 34. Qd4 Bxf3 35.
Nxf3 Rxf3 0-1

[Event "Early-Titled-Tuesday-Blitz-July-09-2024"]
[Site "Chess.com"]
[Date "2024.07.09"]
[Round "2"]
[White "Chessbard1972"]
[Black "ThetNaung291"]
[Result "1-0"]
[WhiteElo "2197"]
[BlackElo "2442"]
[TimeControl "180+1"]
[EndTime "8:15:54 PDT"]
[Termination "Chessbard1972 won by resignation"]

1. d4 Nf6 2. c4 e6 3. Nf3 b6 4.
a3 Bb7 5. Nc3 d5 6. cxd5 exd5 7.
Qa4+ c6 8. g3 Bd6 9. Bg2 O-O 10.
O-O Nbd7 11. Bf4 Qb8 12. e3 Re8 13. b4 b5 14. Qc2 a5 15. Rab1 axb4 16. axb4 h6 17.
Ne2 Bxf4 18. Nxf4 Qd6 19. Nd3 Ra3 20. Nc5 Nxc5 21. dxc5 Qc7 22. Nd4 Rea8 23. Rfe1 Bc8 24. e4 Be6 25. e5 Ra2 26. Rb2 Rxb2 27. Qxb2 Ne4 28. f3 Ng5 29. h4 Nh7 30. f4 Bg4 31. f5 Nf8 32. Qd2 Ra3 33. Qf4 h5 34. e6 Qxf4 35. gxf4 1-0

[Event "Early-Titled-Tuesday-Blitz-July-09-2024"]
[Site "Chess.com"]
[Date "2024.07.09"]
[Round "2"]
[White "amylazy"]
[Black "Chernov_Alexander_A"]
[Result "1-0"]
[WhiteElo "2489"]
[BlackElo "2262"]
[TimeControl "180+1"]
[EndTime "8:15:55 PDT"]
[Termination "amylazy won by resignation"]

1. d4 Nf6 2. Nf3 d5 3. c4 e6 4. g3 Be7 5. Bg2 O-O 6. O-O c5 7. cxd5 exd5 8. Nc3 Nc6 9. Bf4 a6 10. Rc1 c4 11. b3 b5 12. bxc4 bxc4 13. Ne5 Na5 14.
Bg5 Bb7 15. Qa4 h6 16. Bxf6 Bxf6 17. Rfd1 Re8 18. Rb1 Bxe5 19. dxe5 Rxe5 20. e3 Bc6 21. Qa3 Nb7 22. Nxd5 Bxd5 23. Rxb7 Qc8 24. Rxd5 Re6 25. Rdd7 Rf6 26. Bd5 Kh8 27. Rbc7 Qb8 28. Bxa8 Qb1+ 29. Kg2 Qc2 30. Bf3 Rxf3 31. Kxf3 Qf5+ 32. Kg2 Qe4+ 33. Kf1 Qb1+ 34. Ke2 Qc2+ 35. Rd2 1-0

[Event "Early-Titled-Tuesday-Blitz-July-09-2024"]
[Site "Chess.com"]
[Date "2024.07.09"]
[Round "2"]
[White "neistoviupryam"]
[Black "whitemirrorninja"]
[Result "0-1"]
[WhiteElo "2330"]
[BlackElo "2533"]
[TimeControl "180+1"]
[EndTime "8:15:56 PDT"]
[Termination "whitemirrorninja won by resignation"]

1. e4 c5 2. d4 b6 3. c3 Bb7 4. Bd3 e6 5. Nf3 Nf6 6. e5 Nd5 7. O-O Be7 8. a3 cxd4 9. cxd4 f5 10. Nc3 O-O 11. Qe2 Qe8 12. Bc4 Nxc3 13. bxc3 Nc6 14. Bg5 Na5 15. Bxe7 Qxe7 16. Bd3 Rac8 17. c4 Nb3 18. Rad1 Bxf3 19. Qxf3 Nxd4 20. Qb7 Nc6 21. Bb1 Nxe5 22. Rfe1 Qc5 23. Qxa7 Rc7 24. Qa6 Nxc4 25.
Rc1 b5 26. a4 Rb8 27. Ba2 Ra7 28. Bxc4 Rxa6 29. Bxe6+ Rxe6 0-1

[Event "Early-Titled-Tuesday-Blitz-July-09-2024"]
[Site "Chess.com"]
[Date "2024.07.09"]
[Round "2"]
[White "sleeping_in_the_fire"]
[Black "osielchesslover2011"]
[Result "1-0"]
[WhiteElo "2459"]
[BlackElo "2180"]
[TimeControl "180+1"]
[EndTime "8:15:56 PDT"]
[Termination "sleeping_in_the_fire won by checkmate"]

1. e4 c5 2. Nc3 Nc6 3. f4 g6 4. Nf3 Bg7 5. Bc4 e6 6. O-O Nge7 7. d3 O-O 8. Qe1 d5 9. Bb3 Nd4 10. Nxd4 cxd4 11. Ne2 dxe4 12. dxe4 a5 13. Bc4 Qc7 14.
Bd3 Nc6 15. a3 f6 16. Bd2 e5 17. Qf2 Bd7 18. Ng3 Ne7 19. Rae1 f5 20. exf5 Nxf5 21.
Ne4 Ne3 22. Bxe3 dxe3 23. Qxe3 exf4 24. Qf3 Bxb2 25. Kh1 Rae8 26. Ng5 Rxe1 27. Rxe1 Bc6 28. Bc4+ Kh8 29. Qh3 Bd7 30. Qxh7# 1-0

[Event "Early-Titled-Tuesday-Blitz-July-09-2024"]
[Site "Chess.com"]
[Date "2024.07.09"]
[Round "2"]
[White "Boudicca64"]
[Black "Bkmzzzzz"]
[Result "0-1"]
[WhiteElo "1936"]
[BlackElo "2424"]
[TimeControl "180+1"]
[EndTime "8:15:56 PDT"]
[Termination "Bkmzzzzz won on time"]

1. e4 d6 2. d4 Nf6 3. Nc3 e5 4. Bc4 Nbd7 5. Nf3 Be7 6. O-O O-O 7.
Re1 c6 8. a4 b6 9. Bg5 a6 10.
Bh4 Bb7 11. Bg3 b5 12. Bb3 Qc7 13. Qe2 h6 14. Rad1 Rfe8 15. d5 b4 16. dxc6 Bxc6 17. Nd5 Nxd5 18. Bxd5 Nf6 19. Bxc6 Qxc6 20. Nh4 g6 21.
Qd2 Bf8 22. f4 Nxe4 23. Qd3 Nxg3 24. Nxg6 fxg6 25. Qxg6+ Bg7 26. hxg3 exf4 27. gxf4 Rxe1+ 28. Rxe1 Rf8 29. Re7 Qc5+ 30. Kh2 Qd4 31. f5 Qh4+ 0-1

[Event "Early-Titled-Tuesday-Blitz-July-09-2024"]
[Site "Chess.com"]
[Date "2024.07.09"]
[Round "2"]
[White "ural58"]
[Black "Yaacovn"]
[Result "0-1"]
[WhiteElo "2414"]
[BlackElo "2778"]
[TimeControl "180+1"]
[EndTime "8:15:57 PDT"]
[Termination "Yaacovn won by resignation"]

1. e4 c6 2. Nc3 d5 3. Nf3 dxe4 4. Nxe4 Nf6 5. Qe2 Bg4 6. Nxf6+ gxf6 7. h3 Bxf3 8. Qxf3 Qd5 9. Qb3 Qxb3 10. axb3 e6 11. c3 Nd7 12. b4 a6 13. f4 O-O-O 14. d4 h5 15. h4 f5 16. g3 Rg8 17. Kf2 Nf6 18. Rg1 Be7 19. Be2 Ne4+ 20. Kf3 Bxh4 21. Be3 Bxg3 22. Bd3 h4 23. Bxe4 fxe4+ 24. Kxe4 f5+ 25.
Kf3 Rg4 26. Rh1 Rdg8 27. Raf1 Kd7 28. c4 Kc7 29. Rd1 Rd8 30. b3 Rg7 31. Bf2 Bxf2 32.
Kxf2 Rg4 33. Ke3 Kd6 34. Rh3 Rdg8 35. Rdh1 Rg3+ 36. Kd2 Rxh3 37. Rxh3 Rg4 38. Ke3 b6 39. Kf3 a5 40. bxa5 bxa5 41. Ke3 c5 42. dxc5+ Kxc5 43. Rh2 Rg3+ 44. Kd2 Rxb3 45. Rxh4 Kxc4 46. Rh8 Rf3 47. Rc8+ Kd5 48. Rd8+ Kc6 49. Rd4 Kc5 50. Ra4 Kb5 51. Rd4 a4 52. Kc2 a3 53. Kb1 Kc5 54.
Ra4 Re3 55. Ka2 Re4 56. Ra6 Kd4 57. Kxa3 Ke3 0-1

[Event "Early-Titled-Tuesday-Blitz-July-09-2024"]
[Site "Chess.com"]
[Date "2024.07.09"]
[Round "2"]
[White "Losingexperience"]
[Black "chrisclaireredfield"]
[Result "0-1"]
[WhiteElo "2732"]
[BlackElo "2512"]
[TimeControl "180+1"]
[EndTime "8:15:59 PDT"]
[Termination "chrisclaireredfield won by resignation"]

1. e4 e5 2. Nf3 Nf6 3. Nxe5 d6 4. Nf3 Nxe4 5. d3 Nf6 6. d4 d5 7. Bd3 Bd6 8. O-O O-O 9. h3 h6 10. Re1 Re8 11. Nbd2 Rxe1+ 12. Qxe1 c6 13. c3 Nbd7 14. Ne5 Qe7 15. Ndf3 Ne4 16. Bf4 Ndf6 17. Qe2 Bf5 18. Re1 Re8 19. Nd2 Bh7 20. f3 Nxd2 21.
Qxd2 Qc7 22. Bxh6 gxh6 23. Qxh6 Bxd3 24. Qxf6 Bxe5 25. dxe5 Re6 26. Qg5+ Rg6 27. Qf4 Qd7 28. Kh2 Qf5 29. Qd4 Qg5 30. Rg1 Qg3+ 31. Kh1 Bf5 32. Qd2 Bxh3 0-1

[Event "Early-Titled-Tuesday-Blitz-July-09-2024"]
[Site "Chess.com"]
[Date "2024.07.09"]
[Round "2"]
[White "Flaccidmoves"]
[Black "GMAkobianSTL"]
[Result "0-1"]
[WhiteElo "2574"]
[BlackElo "2839"]
[TimeControl "180+1"]
[EndTime "8:16:03 PDT"]
[Termination "GMAkobianSTL won by resignation"]

1. c4 e6 2. d4 f5 3. g3 Nf6 4. Bg2 d5 5. Nf3 c6 6. O-O Bd6 7. b3 Qe7 8. a4 a5 9. Ba3 O-O 10.
Bxd6 Qxd6 11. Nc3 Na6 12. Ne5 Nb4 13. Rc1 Nd7 14. Nf3 b6 15. Re1 Ba6 16. Nd2 Rac8 17.
Bf1 Nf6 18. e3 Ne4 19. f3 Nxg3 20. hxg3 Qxg3+ 21. Bg2 Nd3 22. Qe2 Nxc1 23. Rxc1 f4 24. e4 Rce8 25. Re1 e5 26. exd5 exd4 27. Qxe8 Rxe8 28.
Rxe8+ Kf7 29. Ne2 Qe1+ 0-1

[Event "Early-Titled-Tuesday-Blitz-July-09-2024"]
[Site "Chess.com"]
[Date "2024.07.09"]
[Round "2"]
[White "Radislav_Atanasov"]
[Black "Noki102"]
[Result "1/2-1/2"]
[WhiteElo "2338"]
[BlackElo "2518"]
[TimeControl "180+1"]
[EndTime "8:16:03 PDT"]
[Termination "Game drawn by repetition"]

1. e4 b6 2. d4 Bb7 3. Bd3 f5 4. Nd2 fxe4 5. Nxe4 Nf6 6. Qe2 e6 7. Nf3 Be7 8. O-O O-O 9. Re1 Nd5 10. c4 Nf4 11.
Bxf4 Rxf4 12. Rad1 Nc6 13. d5 exd5 14. cxd5 Nb8 15.
Qe3 Rf8 16. d6 cxd6 17. Bc4+ Kh8 18. Nfg5 d5 19. Bxd5 Bxd5 20. Rxd5 Na6 21. Qh3 h6 22. Ne6 dxe6 23. Rxd8 Raxd8 24. Qxe6 Bb4 25. Rf1 Nc5 26. Nxc5 Bxc5 27. Qe2 Rde8 28. Qc2 Rxf2 29. Qxf2 Re2 30. Qxc5 bxc5 31. Rf2 Re1+ 32. Rf1 Re2 33. Rf2 Re1+ 34. Rf1 Re2 1/2-1/2

[Event "Early-Titled-Tuesday-Blitz-July-09-2024"]
[Site "Chess.com"]
[Date "2024.07.09"]
[Round "2"]
[White "ArmanGhevondyanchess"]
[Black "Schack-Hugo"]
[Result "1-0"]
[WhiteElo "2755"]
[BlackElo "2521"]
[TimeControl "180+1"]
[EndTime "8:16:04 PDT"]
[Termination "ArmanGhevondyanchess won by resignation"]

1. Nf3 d5 2. g3 g6 3. Bg2 Bg7 4.
d4 c5 5. O-O cxd4 6. Nxd4 Nf6 7.
c4 O-O 8. cxd5 Nxd5 9. Nc3 Nxc3 10. bxc3 a6 11. Rb1 Qc7 12. Qb3 Nc6 13. Nxc6 bxc6 14. Bf4 e5 15. Bg5 Be6 16. Qb6 Qxb6 17. Rxb6 Bxa2 18.
Bxc6 Rac8 19. Be7 Bc4 20. Bxf8 Bxf8 21. Bf3 Bc5 22. Rc6 Rxc6 23. Bxc6 Kf8 24. Rb1 Ke7 25. e3 Kd6 26. Be8 f5 27. Rb7 a5 28. Rxh7 Bb3 29. Rd7+ Ke6 30. Rc7 Kd6 31. Rc6+ Kd5 32. Rxg6 Kc4 33. Ra6 f4 34. exf4 exf4 35. Rxa5 f3 36.
Bf7+ Kxc3 37. Rxc5+ Kd4 38. Bxb3 Kxc5 39. Bd1 1-0

[Event "Early-Titled-Tuesday-Blitz-July-09-2024"]
[Site "Chess.com"]
[Date "2024.07.09"]
[Round "2"]
[White "Ordekalog"]
[Black "xh4823"]
[Result "1-0"]
[WhiteElo "2724"]
[BlackElo "2386"]
[TimeControl "180+1"]
[EndTime "8:16:06 PDT"]
[Termination "Ordekalog won by resignation"]

1. e4 g6 2. d3 Bg7 3. f4 d6 4. g3 Nd7 5. Nf3 b5 6. a4 b4 7.
Bg2 Bb7 8. Nbd2 e6 9. O-O Ne7 10. Nb3 h6 11. Na5 Ba6 12. e5 d5 13. g4 c5 14. Nb3 c4 15. Nbd4 Nc5 16. Nb5 Bxb5 17.
axb5 cxd3 18. cxd3 O-O 19. Be3 Qb6 20. Qc2 Rfc8 21.
Rfc1 b3 22. Qf2 Qxb5 23. Bxc5 Nc6 24. d4 a5 25. Bf1 Qb7 26. f5 gxf5 27. gxf5 a4 28.
f6 Bf8 29. Qg3+ Kh7 30. Bd3+ Kh8 31. Bxf8 1-0

[Event "Early-Titled-Tuesday-Blitz-July-09-2024"]
[Site "Chess.com"]
[Date "2024.07.09"]
[Round "2"]
[White "micke12a"]
[Black "Seochesspie"]
[Result "0-1"]
[WhiteElo "2416"]
[BlackElo "2866"]
[TimeControl "180+1"]
[EndTime "8:16:10 PDT"]
[Termination "Seochesspie won by resignation"]

1. e4 e5 2. Nf3 Nc6 3. Bb5 a6 4. Ba4 Bc5 5. O-O Nge7 6. c3 Ng6 7. d4 Ba7 8. h3 Qe7 9. Re1 O-O 10. Bc2 Kh8 11. b3 d6 12. Bb2 Bd7 13. Nbd2 Rae8 14. Nf1 Nf4 15. Ng3 f6 16. Bc1 g5 17. Be3 Bb8 18.
d5 Nd8 19. Nh2 Nf7 20. Bxf4 exf4 21. Nf5 Bxf5 22. exf5 Qxe1+ 23. Qxe1 Rxe1+ 24. Rxe1 Ne5 25. Ng4 Ba7 26. Kf1 Kg7 27. Nxe5 fxe5 28. c4 Kf6 29.
Ke2 h5 30. f3 Bc5 31. Rh1 a5 32. a4 Ra8 33. Be4 Ra6 34. Bd3 Rb6 35. Bc2 c6 36.
Rd1 Rb4 37. Rd3 Bd4 38. Rd1 cxd5 39. cxd5 b5 40. axb5 Rxb5 41. Kd3 Rxd5 42. Ke4 Rc5 0-1

[Event "Early-Titled-Tuesday-Blitz-July-09-2024"]
[Site "Chess.com"]
[Date "2024.07.09"]
[Round "2"]
[White "pavelalexandru07"]
[Black "VirtualCoach"]
[Result "0-1"]
[WhiteElo "2494"]
[BlackElo "2312"]
[TimeControl "180+1"]
[EndTime "8:16:10 PDT"]
[Termination "VirtualCoach won on time"]

1. e4 c5 2. Nf3 d6 3. d4 cxd4 4. Nxd4 Nf6 5. Nc3 a6 6. Bg5 Nbd7 7. Qe2 h6 8. Bh4 g6 9. f4 Bg7 10. O-O-O Qc7 11. Kb1 b5 12. a3 Bb7 13. g4 Rc8 14. Bg2 Qc4 15. h3 b4 16. Qxc4 Rxc4 17. axb4 Rxb4 18.
Bf2 O-O 19. Rhe1 Rc8 20. Nb3 a5 21. Nxa5 Rxc3 22. Nxb7 Rxb7 23. e5 Rb8 24. exf6 Bxf6 25. Ba7 Rb4 26. b3 Rc7 27. Be3 Rb8 28. Rd3 Nc5 29.
Bxc5 Rxc5 30. Kc1 Rbc8 31. Re2 Rc3 32. Red2 g5 0-1

[Event "Early-Titled-Tuesday-Blitz-July-09-2024"]
[Site "Chess.com"]
[Date "2024.07.09"]
[Round "2"]
[White "jamengrand"]
[Black "amanjazu"]
[Result "0-1"]
[WhiteElo "2265"]
[BlackElo "2599"]
[TimeControl "180+1"]
[EndTime "8:16:11 PDT"]
[Termination "amanjazu won by checkmate"]

1. e4 e6 2. d4 d5 3. e5 c5 4. c3 Nc6 5. Nf3 Nge7 6. a3 a5 7. a4 c4 8. Na3 Ng6 9. Nb5 Na7 10. Nxa7 Rxa7 11. h4 Be7 12. h5 Nf8 13. b3 cxb3 14. Qxb3 h6 15. c4 dxc4 16. Bxc4 Bd7 17. d5 exd5 18.
Bxd5 Bb4+ 19. Ke2 Ne6 20. Be3 b6 21. Nd4 Nxd4+ 22. Bxd4 O-O 23. f4 Bg4+ 24. Kf2 Rd7 25. Kg3 Rxd5 26. Kxg4 Rxd4 27. Rad1 Bd2 28. g3 Qd7+ 29. Kf3 Qc6+ 30. Kg4 Rc8 31. Rh2 Qd7+ 32. Kh4 Rc3 33. Qxb6 Bxf4 34. Qxd4 Bxg3# 0-1

[Event "Early-Titled-Tuesday-Blitz-July-09-2024"]
[Site "Chess.com"]
[Date "2024.07.09"]
[Round "2"]
[White "juancruzarias"]
[Black "LewAnatol"]
[Result "1-0"]
[WhiteElo "2691"]
[BlackElo "2183"]
[TimeControl "180+1"]
[EndTime "8:16:12 PDT"]
[Termination "juancruzarias won on time"]

1. d4 d5 2. c4 e6 3. Nf3 c5 4. cxd5 exd5 5. g3 Nc6 6. Bg2 Nf6 7. O-O Be7 8. Nc3 O-O 9. dxc5 Bxc5 10. Na4 Be7 11. Be3 b6 12. Rc1 Bb7 13. Nd4 Ne5 14. b3 Ba3 15. Rc2 Qd7 16. Bf4 Ng6 17. Rc7 Qd8 18. Rxb7 Nxf4 19. gxf4 Qc8 20. Nb5 Qxb7 21. Nxa3 Rac8 22. Nb5 Rfd8 23. Nd4 b5 24. Nb2 Ne4 25. Bxe4 dxe4 26. e3 Rd6 27. Kh1 Qd7 28. Rg1 Rh6 29.
Qf1 Rc5 30. a4 1-0

[Event "Early-Titled-Tuesday-Blitz-July-09-2024"]
[Site "Chess.com"]
[Date "2024.07.09"]
[Round "2"]
[White "FoxOnTheRun97"]
[Black "vladislavkovalev"]
[Result "1-0"]
[WhiteElo "2628"]
[BlackElo "2892"]
[TimeControl "180+1"]
[EndTime "8:16:14 PDT"]
[Termination "FoxOnTheRun97 won by resignation"]

1. d4 Nf6 2. Bg5 Ne4 3. h4 c5 4. d5 Qb6 5. Nd2 Nxg5 6. hxg5 Qxb2 7. g6 fxg6 8. e3 d6 9. Bd3 Bf5 10. e4 Bg4 11. Rb1 Bxd1 12. Rxb2 Bg4 13. Rxb7 Bc8 14. Rb3 Nd7 15. Ngf3 Nb6 16. e5 Bf5 17. Bb5+ Bd7 18. Bxd7+ Kxd7 19. e6+ Kc7 20. c4 g5 21. Nxg5 g6 22. Nf7 Rg8 23. Rxh7 Bg7 24. Ng5 a5 25. Rf3 Raf8 26. Rf7 Bf6 27. Nge4 Rxf7 28. Rxf7 Bd4 29. Rxe7+ Kd8 30. Rb7 Nc8 31. Rd7+ Ke8 32. Nxd6+ Nxd6 33. Rxd6 Rf8 34. Ne4 Rf4 35. f3 g5 36. Ra6 g4 37. d6 1-0

[Event "Early-Titled-Tuesday-Blitz-July-09-2024"]
[Site "Chess.com"]
[Date "2024.07.09"]
[Round "2"]
[White "OparinGrigoriy"]
[Black "banjadvorovi"]
[Result "1-0"]
[WhiteElo "3003"]
[BlackElo "2421"]
[TimeControl "180+1"]
[EndTime "8:16:14 PDT"]
[Termination "OparinGrigoriy won by checkmate"]

1. Nf3 Nf6 2. g3 g6 3. Bg2 Bg7 4. c4 O-O 5. Nc3 d5 6. cxd5 Nxd5 7. d4 Nb6 8. O-O e6 9. e4 Nc6 10. Be3 Nc4 11. Qe2 Nxe3 12. fxe3 b6 13. e5 Bb7 14.
Rad1 Ne7 15. e4 Qe8 16. h4 Rd8 17.
h5 c5 18. dxc5 bxc5 19. Qe3 Qc6 20. h6 Bh8 21. Qg5 f6 22. exf6 Bxf6 23. Qg4 Rxd1 24. Rxd1 Bxc3 25. bxc3 Qxe4 26. Qxe4 Bxe4 27. Ng5 Bxg2 28.
Kxg2 Nf5 29. Rd7 Nxh6 30. Rxa7 Ng4 31. a4 Rf2+ 32. Kg1 Rc2 33. a5 Rxc3 34. Nxe6 Rxg3+ 35. Kf1 Ra3 36. a6 Ne5 37. Rg7+ Kh8 38. Re7 h5 39. a7 h4 40. Re8+ Kh7 41. a8=Q Rxa8 42. Rxa8 Kh6 43. Rh8# 1-0